 Dungeon Crawl Stone Soup version 0.30-a0-728-gc68057be0a (webtiles) character file.

Game seed: 6936857518346121110

28 zinnoa the Digger (level 3, 19/19 HPs)
             Began as a Gargoyle Earth Elementalist on Jan 30, 2023.
             Quit the game on level 1 of the Dungeon.
             The game lasted 00:06:03 (490 turns).

zinnoa the Digger (Gargoyle Earth Elementalist)      Turns: 490, Time: 00:06:03

Health: 19/19      AC: 11    Str: 11    XL:     3   Next: 12%
Magic:  5/6        EV:  5    Int: 17    God:
Gold:   45         SH:  0    Dex: 10    Spells: 5/6 levels left

rFire   . . .      SeeInvis .      - Unarmed
rCold   . . .      Faith    .    (no shield)
rNeg    + . .      Spirit   .    h - +0 chain mail
rPois   ∞          Reflect  .    (no helmet)
rElec   +          Harm     .    (no cloak)
rCorr   .          Rampage  .    (no gloves)
Will    .....                    (no boots) Stlth
                                 (no amulet)
HPRegen 0.23/turn                (no ring)
MPRegen 0.10/turn                (no ring)

@: very slightly contaminated
A: sickness immunity, AC +3, negative energy resistance 1, electricity
resistance, torment resistance 1, petrification resistance
a: no special abilities


You were on level 1 of the Dungeon.
You visited 1 branch of the dungeon, and saw 1 of its levels.

You collected 45 gold pieces.

Inventory:

Armour
 a - a +0 robe
 h - a +0 chain mail (worn)
Scrolls
 e - 2 scrolls of identify {unknown}
 g - a scroll of vulnerability {unknown}
 i - a scroll of noise {unknown}
Potions
 b - 2 potions of magic
 c - 2 potions of berserk rage {unknown}
 d - a potion of curing {unknown}
 f - a potion of ambrosia {unknown}


   Skills:
 + Level 0.2 Fighting
 + Level 1.9 Dodging
 - Level 2.1 Stealth
 + Level 1.0 Unarmed Combat
 + Level 2.4 Spellcasting
 - Level 0.7 Transmutations
 + Level 4.0 Earth Magic


You had 5 spell levels left.
You knew the following spells:

 Your Spells              Type           Power      Damage    Failure   Level
a - Sandblast             Erth           30%        2d9       91%         1

Your spell library contained the following spells:

 Spells                   Type           Power      Damage    Failure   Level
 Passwall                 Tmut/Erth      8%         N/A       100%        2
 Ignite Poison            Fire/Tmut/Pois 2%         N/A       100%        3
 Stone Arrow              Conj/Erth      16%        3d8       100%        3
 Petrify                  Tmut/Erth      10%        N/A       100%        4
 Sticky Flame             Conj/Fire      2%         2d3       100%        4
 Ignition                 Fire           1%         3d3       100%        8


Dungeon Overview and Level Annotations

Branches:
Dungeon (1/15)

Altars:


Innate Abilities, Weirdness & Mutations

You are immune to sickness and miasma.
Your stone body is resilient. (AC +3)
You are immune to poison.
You resist negative energy. (rN+)
You are resistant to electric shocks. (rElec)
You are resistant to unholy torment.
You are immune to petrification.


Message History

The blast of sand hits the jackal!
You kill the jackal!
Casting: Sandblast (safe; 3% risk of failure)
Confirm with . or Enter, or press ? or * to list all spells.
Aiming: Sandblast (safe; 3% risk of failure)
Press: ? - help, Shift-Dir - straight line, f - endoplasm
Aim: an endoplasm (98% to hit)
The blast of sand hits the endoplasm!
You kill the endoplasm!
Your Unarmed Combat skill increases to level 1!
Casting: Sandblast (safe; 3% risk of failure)
Confirm with . or Enter, or press ? or * to list all spells.
You can't see any susceptible monsters within range! (Use Z to cast anyway.)
Casting: Sandblast (safe; 3% risk of failure)
Confirm with . or Enter, or press ? or * to list all spells.
You can't see any susceptible monsters within range! (Use Z to cast anyway.)
You see here a jackal corpse.
You see here a +0 chain mail.
You start removing your armour.
You continue taking off your +0 robe. x4
You finish taking off your +0 robe.
You start putting on your armour.
You continue putting on your +0 chain mail. x5
You finish putting on your +0 chain mail.
You see here a jackal corpse.
i - a scroll labelled ZUTWAECW NARASEO An endoplasm comes into view.
Casting: Sandblast (safe; 91% risk of failure)
Confirm with . or Enter, or press ? or * to list all spells.
Aiming: Sandblast (safe; 91% risk of failure)
Press: ? - help, Shift-Dir - straight line, f - endoplasm
Aim: an endoplasm (98% to hit)
You miscast Sandblast.
You are very lightly contaminated with residual magic.
Nothing appears to happen.
Are you sure you want to abandon this character and quit the game? (Confirm with "yes".)
Okay, then.
Found a scroll labelled MOVOROLENO and 3 stones.
Are you sure you want to abandon this character and quit the game? (Confirm with "yes".)
Okay, then.
Are you sure you want to abandon this character and quit the game? (Confirm with "yes".)

# .. #.# ..
###.#.############
?.....J@#........#
(#....#..........#
###. ###........#
.. #....#...## ..
.##.#......# #.
.##.....#.##
######
...##..#..#.#
#...#
#..#....#..#^#
.####...#
#....##.#..#.#


You could see an endoplasm.

Vanquished Creatures
  2 dart slugs (D:1)
  2 ball pythons (D:1)
  3 endoplasms (D:1)
  A giant cockroach (D:1)
  2 goblins (D:1)
  3 jackals (D:1)
  3 kobolds (D:1)
  A quokka (D:1)
  A bat (D:1)
  2 frilled lizards (D:1)
  2 rats (D:1)
22 creatures vanquished.

Notes
Turn   | Place    | Note
-------+----------+-------------------------------------------
     0 | D:1      | zinnoa the Gargoyle Earth Elementalist began the quest for
                  | the Orb.
     0 | D:1      | Reached XP level 1. HP: 10/10 MP: 3/3
    79 | D:1      | Reached XP level 2. HP: 6/15 MP: 0/5
   123 | D:1      | Reached skill level 4 in Earth Magic
   428 | D:1      | Reached XP level 3. HP: 17/19 MP: 6/6
   432 | D:1      | Reached skill level 1 in Unarmed Combat
   490 | D:1      | Quit the game

Illustrated notes

Levels and vault maps discovered:
D:1:      dpeg_arrival_renting, layout_rooms, minmay_pentomino_t4

Skill      XL: |  1  2  3 |
---------------+----------+-----
Earth Magic    | 4 |  4.0
Unarmed Combat | 1 |  1.0
Fighting       | |  0.2
Dodging        | |  1.9
Stealth        | |  2.1
Spellcasting   | |  2.4
Transmutations | |  0.7

Action                     || total
---------------------------++-------
  Melee: Unarmed           ||    37
   Cast: Sandblast         ||    23
 Armour: Robe              ||    16
  Dodge: Dodged            ||    28

Table legend: (Time is in decaauts)
 A = Elapsed time spent in this place.
 B = Non-inter-level travel time spent in this place.
 C = Inter-level travel time spent in this place.
 D = Time resting spent in this place.
 E = Time spent auto-exploring this place.
 F = Levels seen in this place.
 G = Mean time per level.
                   A        B        C        D        E       F      G
               +--------+--------+--------+--------+--------+-----+--------+
         Total |    501 |    501 |      0 |     43 |    282 |   1 |  501.0 |
       Dungeon |    501 |    501 |      0 |     43 |    282 |   1 |  501.0 |
               +--------+--------+--------+--------+--------+-----+--------+

Top non-repeatable levels by time:
     D:1: 501 daAuts
